 Dungeon Crawl Stone Soup version 0.18-a0-1485-g189885c (webtiles) character file.

44 uiiiytp the Ruffian (level 3, -5/36 HPs)
             Began as a Troll Monk on Mar 3, 2016.
             Slain by uiiiytp's ghost (15 damage)
             ... on level 3 of the Dungeon.
             The game lasted 00:05:04 (1354 turns).

uiiiytp the Ruffian (Troll Monk)                    Turns: 1354, Time: 00:05:04

Health: -5/36      AC:  7    Str: 20    XL:     3   Next: 41%
Magic:  2/2        EV: 10    Int:  6    God:
Gold:   116        SH:  0    Dex: 12    Spells: 0 memorised, 2 levels left

rFire  . . .     SeeInvis .       - Unarmed
rCold  . . .     Gourm    +     a - +0 robe
rNeg   . . .     Faith    .     (no shield)
rPois  .         Spirit   .     (helmet restricted)
rElec  .         Dismiss  .     (no cloak)
rCorr  .         Reflect  .     (gloves unavailable)
SustAt .         Harm     .     (boots unavailable)
MR     .....                    (no amulet)
Stlth  +.........               (no ring)
                                c - +2 ring of protection

@: not resistant to hostile enchantments, very unstealthy
A: unfitting armour, claws 3, fast metabolism 3, gourmand, regeneration 2,
shaggy fur 1, tough skin 2
a: no special abilities


You were on level 3 of the Dungeon.
You were hungry.

You visited 1 branch of the dungeon, and saw 3 of its levels.

You collected 116 gold pieces.

Inventory:

Armour
 a - a +0 robe (worn)
Jewellery
 c - a +2 ring of protection (left claw)
 n - an uncursed amulet of faith {unknown}
Wands
 i - a wand of polymorph (14/24)
Scrolls
 e - 4 scrolls of teleportation {unknown}
 f - 2 scrolls of identify {unknown}
 j - 2 scrolls of amnesia
Potions
 g - a potion of agility {unknown}
 l - 2 potions of brilliance {unknown}
Comestibles
 b - a bread ration
 h - 2 meat rations
 k - a beef jerky
 m - 5 fruits


   Skills:
 - Level 2.5 Fighting
 - Level 2.5 Dodging
 - Level 1.1 Stealth
 + Level 5.1 Unarmed Combat


You had 2 spell levels left.
You didn't know any spells.

Dungeon Overview and Level Annotations

Branches:
Dungeon (3/15)

Altars:
Xom

Portals:
Sewer: D:3

Annotations:
D:3 uiiiytp's ghost, amateur MiFi


Innate Abilities, Weirdness & Mutations

You are too large for most types of armour.
You have claws for hands.
Your metabolism is lightning-fast.
You like to eat raw meat.
You heal very quickly.
You are covered in fur (AC +1).
You have very tough skin (AC +2).


Message History

An orc wizard comes into view. It is wielding a dagger.
The orc wizard shouts!
You claw uiiiytp's ghost!
Uiiiytp's ghost is moderately damaged.
Uiiiytp's ghost hits you!
An orc comes into view. It is wielding a dagger.
The orc shouts!
You scratch uiiiytp's ghost.
Uiiiytp's ghost is moderately damaged.
You scratch uiiiytp's ghost but do no damage.
Uiiiytp's ghost is moderately damaged.
Uiiiytp's ghost hits you.
* * * LOW HITPOINT WARNING * * *
An orc comes into view. It is wielding a mace.
The orc hits you but does no damage.
You are too injured to fight recklessly!
Drink which item? (? for menu, Esc to quit)
It was a potion of cancellation.
You feel magically purged. Uiiiytp's ghost hits you!
You die...

# ## ######## # ..
#......# # o## #.#....# #
.o ###.#....### ####.##
####>.........# ....o#
#..(...........
#.##oo###.##..........#
#....W@...##.#..>...###
#..#..##..##.#......#
#.....##..##....†..## #
.....#.##..#####.#.## ##
#.....#.##..# ##.#.# ##.
#...........####....###..
#_... ................+..
#.... ##########....###..
##.#.# ##.


You could see an orc wizard, uiiiytp's ghost and 4 orcs.

Vanquished Creatures
  A dart slug (D:3)
  3 giant geckos (D:3)
  5 bats
  4 giant cockroaches
  5 goblins
  4 hobgoblins
  A giant newt (D:1)
  7 kobolds
  6 rats
36 creatures vanquished.

Notes
Turn   | Place    | Note
--------------------------------------------------------------
     0 | D:1      | uiiiytp the Troll Monk began the quest for the Orb.
     0 | D:1      | Reached XP level 1. HP: 22/22 MP: 0/0
   323 | D:1      | Reached XP level 2. HP: 29/29 MP: 1/1
  1190 | D:3      | Reached XP level 3. HP: 36/36 MP: 2/2
  1227 | D:3      | Found a glowing drain.
  1240 | D:3      | Reached skill level 5 in Unarmed Combat
  1344 | D:3      | Noticed uiiiytp's ghost (amateur MiFi)
  1346 | D:3      | Found a shimmering altar of Xom.
  1354 | D:3      | Slain by uiiiytp's ghost

Vault maps used:
D:1:      dpeg_arrival_fog
D:2:      first_bread
D:3:      grunt_temple_overflow_order_and_chaos_1, portal_sewer_entry_f,
          kennysheep_generic_room_10

Skill      XL: |  1  2  3 |
---------------+----------+-----
Unarmed Combat | 5 |  5.1
Fighting       | |  2.5
Dodging        | |  2.5
Stealth        | |  1.1

Action                   || total
-------------------------++-------
Melee: Unarmed           ||    86
  Use: Scroll            ||     6
       Potion            ||     1
 Stab: Sleeping          ||     3
  Eat: Bread ration      ||     2
